 Dungeon Crawl Stone Soup version 0.29.1-12-g30fa7ad0bf (webtiles) character file.

Game seed: 1009847377704560545

0 javelincjr the Trooper (level 1, 0/18 HPs)
             Began as a Demonspawn Abyssal Knight on Jan 10, 2023.
             Was a Believer of Lugonu.
             Slain by an ufetubus (1 damage)
             ... on level 1 of the Abyss.
             The game lasted 00:00:56 (94 turns).

javelincjr the Trooper (Demonspawn Abyssal Knight)    Turns: 94, Time: 00:00:56

Health: 0/18       AC:  3    Str: 13    XL:     1   Next: 0%
Magic:  2/2        EV: 11    Int: 11    God:    Lugonu [**....]
Gold:   0          SH:  0    Dex: 13    Spells: 0/0 levels left

rFire   . . .      SeeInvis .   a - +1 spear
rCold   . . .      Faith    .   (no shield)
rNeg    . . .      Spirit   .   b - +0 leather armour
rPois   .          Reflect  .   (no helmet)
rElec   .          Harm     .   (no cloak)
rCorr   .          Rampage  .   (no gloves)
Will    .....                   (no boots)
Stlth   +.........              (no amulet)
HPRegen 0.06/turn               (no ring)
MPRegen 0.08/turn               (no ring)

@: no status effects
A: no striking features
a: Renounce Religion, Depart the Abyss, Bend Space


You were on level 1 of the Abyss.
You worshipped Lugonu.
Lugonu was pleased with you.
You visited 0 branches of the dungeon, and saw 0 of its levels.
You visited the Abyss 1 time.

Inventory:

Hand Weapons
 a - a +1 spear (weapon)
Armour
 b - a +0 leather armour (worn)


   Skills:
 + Level 3.0 Fighting
 + Level 1.7 Polearms
 + Level 1.7 Armour
 + Level 0.8 Dodging
 + Level 2.4 Invocations


You couldn't memorise any spells.
You didn't know any spells.
Your spell library was empty.

Dungeon Overview and Level Annotations

Branches:
Dungeon (0/15)

Altars:


Message History

Press ? for a list of commands and other information.
Found a gateway leading out of the Abyss.
Unknown command.
Found a gateway leading out of the Abyss.
You are suddenly pulled into a different region of the Abyss!
Found a corrupted altar of Lugonu.
A tentacled starspawn comes into view.
A large abomination comes into view.
Tentacles burst from the starspawn's body! 2 starspawn tentacles come into view.
The ufetubus shouts!
The hellwing gives a chilling moan.
The ufetubus hits you. The ufetubus closely misses you.
The ufetubus attacks as you move away! The ufetubus hits you. x2
A smoke demon comes into view.
The ufetubus hits you. x2
You hit the ufetubus.
The ufetubus is heavily wounded.
The ufetubus misses you. The ufetubus closely misses you.
A smoke demon comes into view.
The smoke demon roars!
You hit the ufetubus.
The ufetubus is heavily wounded.
The ufetubus closely misses you. x2; The ufetubus hits you.
* * * LOW HITPOINT WARNING * * *
The ufetubus hits you.
* * * LOW HITPOINT WARNING * * *
You hit the ufetubus but do no damage.
The ufetubus is heavily wounded.
The ufetubus closely misses you. The ufetubus barely misses you.
You hit the ufetubus.
The ufetubus is almost dead.
The ufetubus barely misses you. The ufetubus completely misses you.
The ufetubus barely misses you.
The ufetubus hits you but does no damage.
You barely miss the ufetubus.
The ufetubus is almost dead.
You hear a roar!
The ufetubus hits you.
You die...

#.# #. ...# .. .. #.
..### .# # #.#.#..#
#.##.#.#... ## .#
#......##.#.#
....##.#@..## .####
....3.45####......#
.######...##......#.
#.#..4...... .
#....#..## # .# #...
##..#..# ....###....
... .#..# ##3.#..# #
#.. .#.. # .#


You could see a hellwing, a smoke demon and an ufetubus.

Vanquished Creatures (others)
  4 starspawn tentacles (Abyss:1)
4 creatures vanquished.

Notes
Turn   | Place    | Note
-------+----------+-------------------------------------------
     0 | Abyss:1  | javelincjr the Demonspawn Abyssal Knight began the quest
                  | for the Orb.
     0 | Abyss:1  | Reached XP level 1. HP: 18/18 MP: 2/2
     7 | Abyss:1  | Found a corrupted altar of Lugonu.
    42 | Abyss:1  | Noticed a tentacled starspawn
    59 | Abyss:1  | Noticed a large abomination
    81 | Abyss:1  | Noticed a hellwing
    88 | Abyss:1  | Noticed a smoke demon
    90 | Abyss:1  | Noticed a smoke demon
    94 | Abyss:1  | Slain by an ufetubus

Illustrated notes

Levels and vault maps discovered:
Abyss:1:  base: Temple, base:
Temple

Action                   || total
-------------------------++-------
Melee: Spear             ||     5
Armor: Leather armour    ||     1
Dodge: Dodged            ||    10
